 Dungeon Crawl Stone Soup version 0.16-a0-3939-g9a3e665 (webtiles) character file.

7743 MDvedh the Frost Mage (level 11, -1/66 HPs)
             Began as a Deep Elf Ice Elementalist on Feb 6, 2015.
             Was a Priest of Vehumet.
             Killed from afar by an electric eel (15 damage)
             ... with a bolt of electricity
             ... on level 10 of the Dungeon.
             The game lasted 00:32:28 (11825 turns).

MDvedh the Frost Mage (Deep Elf Ice Elementalist)  Turns: 11825, Time: 00:32:29

Health: -1/66      AC:  8    Str:  5    XL:     11   Next: 0%
Magic:  23/40      EV: 16    Int: 27    God:    Vehumet [***...]
Gold:   476        SH:  0    Dex: 17    Spells: 5 memorised, 17 levels left

rFire  . . .     SeeInvis +     x - +7 quarterstaff (chaos)
rCold  . . .     Clarity  .     u - +0 robe
rNeg   . . .     SustAb   .     (no shield)
rPois  .         Gourm    .     I - +1 hat {SInv}
rElec  .         Spirit   .     w - +0 cloak
rCorr  .         Warding  .     j - +0 pair of gloves
rMut   .         Stasis   .     F - +2 pair of boots
MR     +....                    (no amulet)
Stlth  ++........               G - +3 ring of intelligence
                                J - ring of magical power

@: drained, somewhat resistant to hostile enchantments, unstealthy
A: antennae 1, thin skeletal structure 1, robust 1
a: Renounce Religion


You were on level 10 of the Dungeon.
You worshipped Vehumet.
Vehumet was most pleased with you.
You were not hungry.

You visited 2 branches of the dungeon, and saw 11 of its levels.

You collected 579 gold pieces.
You spent 103 gold pieces at shops.

Inventory:

Hand weapons
 x - a +7 quarterstaff of chaos (weapon)
Armour
 j - a +0 pair of gloves (worn)
 u - a +0 robe (worn)
 w - a +0 cloak (worn)
 F - a +2 pair of boots (worn)
 I - a +1 hat of see invisible (worn)
Jewellery
 D - an uncursed ring of protection from magic
 G - a +3 ring of intelligence (right hand)
 J - a ring of magical power (left hand)
 L - a +3 ring of protection
Magical devices
 e - a wand of polymorph (10)
 v - a wand of enslavement (24)
 C - a wand of heal wounds (2)
 M - a wand of magic darts (9)
Scrolls
 d - a scroll of amnesia
 h - a scroll of fear
 y - 3 scrolls of teleportation
 H - a scroll of holy word
Potions
 g - 2 potions of lignification
 i - 4 potions of heal wounds
 k - 2 potions of ambrosia
 n - 2 potions of cancellation
 q - a potion of flight
 r - a potion of degeneration {unknown}
 s - a potion of poison {unknown}
 t - 2 potions of might {unknown}
 z - 10 potions of curing
 A - a potion of invisibility {unknown}
 B - a potion of restore abilities {unknown}
 K - a potion of brilliance {unknown}
Books
 b - a book of Frost

   Spells                             Type                      Level
   a - Freeze                         Ice                          1
   b - Throw Frost                    Conjuration/Ice              2
   c - Ozocubu's Armour               Charms/Ice                   3
   d - Throw Icicle                   Conjuration/Ice              4
   e - Summon Ice Beast               Ice/Summoning                4
   f - Condensation Shield            Ice                          4
 p - a book of Changes

   Spells                             Type                      Level
   a - Beastly Appendage              Transmutation                1
   b - Sticks to Snakes               Transmutation                2
   c - Spider Form                    Transmutation/Poison         3
   d - Ice Form                       Ice/Transmutation            4
   e - Blade Hands                    Transmutation                5
Comestibles
 a - a chunk of flesh
 c - 3 bread rations
 f - 2 fruits
 l - 7 meat rations
 m - 2 slices of pizza
 o - 2 beef jerkies


   Skills:
 + Level 3.9(2.9) Fighting
 * Level 7.0(5.9) Dodging
 - Level 2.4(1.5) Stealth
 + Level 9.2(8.1) Spellcasting
 * Level 10.0(8.9) Conjurations
 - Level 6.0(5.0) Charms
 * Level 10.8(9.7) Ice Magic


You had 17 spell levels left.
You knew the following spells:

 Your Spells              Type           Power        Failure   Level  Hunger
a - Freeze                Ice            ####         1%          1    None
b - Ozocubu's Armour      Chrm/Ice       ######..     1%          3    None
c - Throw Frost           Conj/Ice       ######       1%          2    None
d - Shock                 Conj/Air       ####         1%          1    None
f - Throw Icicle          Conj/Ice       ######..     1%          4    ##.....


Dungeon Overview and Level Annotations

Branches:
Dungeon (10/15)            Temple (1/1) D:6
   Lair: D:8-11         Orc: D:9-12

Altars:
Ashenzari
Cheibriados
Dithmenos
Elyvilon
Fedhas
Gozag
Kikubaaqudgha
Nemelex Xobeh
Okawaru
Qazlal
Ru
Sif Muna
Vehumet
Zin

Shops:
D:4 [


Innate Abilities, Weirdness & Mutations

You have a pair of small antennae on your head.
You have a somewhat thin skeletal structure (Dex +2, Stealth).
You are robust (+10% HP).


Message History

This raw flesh tastes terrible.
You continue eating. x2
You start resting.
You sense a monster nearby.
You start resting.
An orc wizard opens the door.
It is wielding a dagger.
The orc wizard closely misses you.
There is an open door here.
You sock the orc wizard!
You kill the orc wizard!
Vehumet accepts your kill.
You feel your power returning.
Your base Dodging skill increases to level 7!
The electric eel shoots out a bolt of lightning at you!
The bolt of electricity hits you! x2
The electric eel shoots out a bolt of lightning at you!
The bolt of electricity hits you!
* * * LOW HITPOINT WARNING * * *
The bolt of electricity hits you!
You die...

≈≈≈.≈.≈.≈≈ #....
....≈≈≈≈≈h≈≈≈≈≈≈.....
.....≈≈≈≈≈≈≈≈≈........
.....≈≈.≈.≈≈≈≈≈.≈......
........≈≈≈≈.≈........
##+#....≈.≈.;..≈≈.......
...........≈).......#....
.........)...........#....
......###@##.#)....#.+....
#........#.#.....# #....
#........†.'.....# #....
#......).#)#.[...#+#....
+...)......).....#.#....
#................#.#....
.....#+###+#........#'#....
.... +..$..†..'.'.... ...
#........###....


You could see an electric eel.

Vanquished Creatures
  Gastronok (D:8)
  The ghost of Gronka the Protected, an experienced MiFi of Nemelex Xobeh (D:8)
  A troll (D:8)
  7 yaks
  A deep elf mage (D:10)
  3 wolves (D:10)
  Menkaure (D:4)
  3 sky beasts
  A water moccasin (D:8)
  3 ice beasts
  3 orc warriors
  4 phantoms
  A black bear (D:10)
  A centaur (D:7)
  2 ogres
  Duvessa (D:8)
  A big kobold (D:8)
  Blork the orc (D:4)
  4 giant frogs
  2 scorpions
  3 jellies
  4 wights
  Dowan (D:8)
  4 crimson imps
  2 goliath beetles
  Crazy Yiuf (D:3)
  A centaur skeleton (D:8)
  6 orc priests
  10 hounds
  6 orc wizards
  A giant frog skeleton (D:6)
  5 iguanas
  3 worker ants
  Natasha (D:6)
  A worker ant zombie (D:9)
  A hound zombie (D:5)
  Robin (D:2)
  3 gnolls (D:8)
  2 giant mites
  18 adders
  A river rat (D:3)
  A shadow imp (D:6)
  3 worms
  8 giant geckos
  2 oozes
  31 orcs
  A bat skeleton (D:7)
  6 giant cockroaches
  20 hobgoblins
  7 jackals
  4 quokkas
  2 ball pythons (D:3)
  A ball python skeleton (D:4)
  19 bats
  8 giant newts
  16 goblins
  22 kobolds
  A quokka skeleton (D:8)
  12 rats
281 creatures vanquished.

Vanquished Creatures (others)
  A giant frog zombie (D:7)
  2 orcs (D:10)
3 creatures vanquished.

Grand Total: 284 creatures vanquished

Notes
Turn   | Place    | Note
--------------------------------------------------------------
     0 | D:1      | MDvedh, the Deep Elf Ice Elementalist, began the quest for the Orb.
     0 | D:1      | Reached XP level 1. HP: 10/10 MP: 5/5
   409 | D:1      | Reached XP level 2. HP: 15/15 MP: 4/8
   447 | D:1      | Learned a level 2 spell: Throw Frost
   848 | D:1      | Reached skill level 4 in Spellcasting
   971 | D:1      | Reached XP level 3. HP: 17/19 MP: 4/12
   992 | D:1      | Learned a level 3 spell: Ozocubu's Armour
  1519 | D:2      | Reached XP level 4. HP: 20/24 MP: 12/15
  1589 | D:2      | Learned a level 4 spell: Throw Icicle
  1595 | D:2      | Reached skill level 1 in Charms
  1917 | D:2      | Noticed Robin
  1927 | D:2      | Killed Robin
  2655 | D:3      | Reached XP level 5. HP: 19/28 MP: 14/18
  2760 | D:3      | Noticed Crazy Yiuf
  2769 | D:3      | Killed Crazy Yiuf
  3101 | D:3      | Reached skill level 5 in Ice Magic
  3165 | D:3      | HP: 1/28 [orc priest/hand axe (5)]
  3166 | D:3      | Reached XP level 6. HP: 1/32 MP: 17/20
  3818 | D:4      | Noticed Blork the orc
  3828 | D:4      | Killed Blork the orc
  3828 | D:4      | Reached skill level 5 in Spellcasting
  3894 | D:4      | Found a blossoming altar of Fedhas.
  3935 | D:4      | Found Briulou's Antique Armour Boutique.
  3938 | D:4      | Bought a pair of gloves for 103 gold pieces
  4131 | D:4      | Noticed Menkaure
  4210 | D:4      | Killed Menkaure
  4210 | D:4      | Reached XP level 7. HP: 36/36 MP: 11/22
  4586 | D:5      | Entered Level 5 of the Dungeon
  4652 | D:5      | Reached skill level 6 in Ice Magic
  4766 | D:5      | Found a sparkling altar of Nemelex Xobeh.
  4874 | D:5      | Found a staircase to the Ecumenical Temple.
  4965 | D:5      | Found a shattered altar of Ashenzari.
  5168 | D:5      | Found a white marble altar of Elyvilon.
  5311 | D:5      | Reached skill level 5 in Conjurations
  5701 | D:6      | Found a staircase to the Ecumenical Temple.
  5720 | Temple   | Entered the Ecumenical Temple
  5801 | Temple   | Became a worshipper of Vehumet
  6085 | D:6      | Reached skill level 5 in Charms
  6085 | D:6      | Reached skill level 7 in Ice Magic
  6085 | D:6      | Reached XP level 8. HP: 37/41 MP: 0/25
  6676 | D:6      | Found a blossoming altar of Fedhas.
  6716 | D:6      | Noticed Natasha
  6725 | D:6      | Killed Natasha
  6926 | D:7      | Acquired Vehumet's first power
  6926 | D:7      | Offered knowledge of Sandblast by Vehumet.
  7212 | D:7      | Found an ancient bone altar of Kikubaaqudgha.
  7398 | D:7      | Reached skill level 8 in Ice Magic
  8070 | D:7      | Reached XP level 9. HP: 46/46 MP: 27/27
  8088 | D:7      | Reached skill level 1 in Fighting
  8342 | D:8      | Offered knowledge of Shock by Vehumet.
  8455 | D:8      | Learned a level 1 spell: Shock
  8859 | D:8      | Noticed Duvessa
  8859 | D:8      | Noticed Dowan
  8863 | D:8      | Killed Dowan
  8868 | D:8      | Killed Duvessa
  9036 | D:8      | Noticed Gastronok
  9050 | D:8      | Killed Gastronok
  9050 | D:8      | Reached skill level 9 in Ice Magic
  9174 | D:8      | Noticed Gronka's ghost (experienced MiFi)
  9184 | D:8      | Killed Gronka's ghost
  9184 | D:8      | Reached skill level 5 in Dodging
  9184 | D:8      | Reached XP level 10. HP: 31/55 MP: 0/29
  9395 | D:8      | Gained mutation: You are robust (+10% HP). [mutagenic meat]
  9396 | D:8      | Gained mutation: You have a somewhat thin skeletal structure (Dex +2, Stealth). [mutagenic meat]
  9397 | D:8      | Gained mutation: You have a pair of small antennae on your head. [mutagenic meat]
  9436 | D:8      | Noticed a troll
  9442 | D:8      | Killed a troll
  9442 | D:8      | Reached skill level 10 in Ice Magic
  9724 | D:8      | Found a snail-covered altar of Cheibriados.
  9831 | D:9      | Offered knowledge of Searing Ray by Vehumet.
 10337 | D:9      | Found a white marble altar of Elyvilon.
 10736 | D:8      | Acquired Vehumet's second power
 11152 | D:9      | Found a shadowy altar of Dithmenos.
 11437 | D:10     | Entered Level 10 of the Dungeon
 11771 | D:10     | Offered knowledge of Static Discharge by Vehumet.
 11779 | D:10     | Reached skill level 10 in Conjurations
 11798 | D:10     | Reached XP level 11. HP: 35/66 MP: 13/31
 11825 | D:10     | Killed from afar by an electric eel

Action                   |  1- 3 |  4- 6 |  7- 9 | 10-12 || total
-------------------------+-------+-------+-------+-------++-------
Melee: Unarmed           |    10 |     8 |       |       ||    18
       Mace              |       |    16 |       |       ||    16
       Quarterstaff      |       |    70 |   247 |   105 ||   422
 Cast: Freeze            |    63 |    67 |    59 |    21 ||   210
       Ozocubu's Armour  |       |     7 |    16 |    13 ||    36
       Throw Icicle      |       |     2 |    46 |    53 ||   101
  Use: Scroll            |       |    12 |     6 |     3 ||    21
 Stab: Sleeping          |     1 |     2 |     5 |     2 ||    10
       Confused          |       |       |     1 |       ||     1
       Paralysed         |       |       |     1 |       ||     1
       Distracted        |       |       |     1 |       ||     1
       Petrified         |       |       |     1 |       ||     1
  Eat: Chunk             |     1 |     9 |     9 |     9 ||    28
       Fruit             |       |       |     8 |     1 ||     9
       Bread ration      |       |       |     1 |     1 ||     2
